 Dungeon Crawl Stone Soup version 0.23.1 (webtiles) character file.

Game seed: 4080147600271633863

112 Freyura the Chopper (level 4, -2/41 HPs)
             Began as a Hill Orc Monk on Mar 10, 2019.
             Slain by a wight
             ... wielding a cursed +2 mace
              (3 damage)
             ... on level 3 of the Dungeon.
             The game lasted 00:06:34 (2243 turns).

Freyura the Chopper (Hill Orc Monk)                 Turns: 2243, Time: 00:06:35

Health: -2/41      AC:  9    Str: 13    XL:     4   Next: 95%
Magic:  4/4        EV:  6    Int: 10    God:
Gold:   146        SH:  0    Dex: 14    Spells: 3/3 levels left

rFire    . . .     SeeInvis .   a - +0 hand axe
rCold    . . .     Gourm    .   (no shield)
rNeg     . . .     Faith    .   f - +0 chain mail
rPois    .         Spirit   .   (no helmet)
rElec    .         Reflect  .   (no cloak)
rCorr    .         Harm     .   (no gloves)
MR       .....                  h - +0 pair of boots
Stlth    ..........             (no amulet)
HPRegen  0.13/turn              (no ring)
MPRegen  0.09/turn              (no ring)

@: heavily drained
A: no striking features
a: no special abilities


You were on level 3 of the Dungeon.
You were not hungry.

You visited 1 branch of the dungeon, and saw 3 of its levels.

You collected 146 gold pieces.

Inventory:

Hand Weapons
 a - a +0 hand axe (weapon)
Armour
 b - a +0 robe
 f - a +0 chain mail (worn)
 h - a +0 pair of boots (worn)
Scrolls
 d - a scroll of enchant armour {unknown}
 e - 2 scrolls of magic mapping {unknown}
 g - a scroll of identify {unknown}
 j - a scroll of teleportation {unknown}
 k - 2 scrolls of remove curse {unknown}
 m - 2 scrolls of enchant weapon {unknown}
Potions
 l - a potion of agility {unknown}
Comestibles
 c - 2 rations


   Skills:
 + Level 4.4(2.9) Fighting
 * Level 5.9(4.2) Axes
 + Level 2.1(0.7) Armour
 - Level 2.4(0.9) Dodging
 - Level 1.5(0.1) Stealth


You had 3 spell levels left.
You didn't know any spells.
Your spell library was empty.

Dungeon Overview and Level Annotations

Branches:
Dungeon (3/15)

Altars:
Hepliaklqana
Vehumet
Wu Jian


Message History

You hit the wight but do no damage.
The wight hits you with a cursed +2 mace.
* * * LOW HITPOINT WARNING * * *
You feel drained.
* * * LOW HITPOINT WARNING * * *
You closely miss the wight.
The wight hits you with a cursed +2 mace.
* * * LOW HITPOINT WARNING * * *
You feel drained.
* * * LOW HITPOINT WARNING * * *
You hit the wight but do no damage.
The wight hits you with a cursed +2 mace.
* * * LOW HITPOINT WARNING * * *
You feel drained.
You hit the wight.
The wight is moderately damaged.
You hit the wight.
The wight is severely damaged.
The wight hits you with a cursed +2 mace.
You die...

### #.. #.# #. #.# #.##z#
## #.##@# ..
#.##.##.###.8#8..#
.####.##.$..<........##>#
.........##.####.....##.#
####.#.#.# # #...#.##.#
#..###.. #...#.##.# #.#.#
#.# #...#.##.#
#.#..##.####...#.....
#.#.###........#)##.#


You could see a wight.

Vanquished Creatures
  A wight (D:3)
  An adder (D:2)
  A worm (D:2)
  A dart slug (D:1)
  2 leopard geckos (D:1)
  A ball python (D:2)
  12 bats
  3 giant cockroaches
  8 hobgoblins
  4 jackals (D:3)
  A quokka (D:3)
  6 frilled lizards
  6 goblins
  5 kobolds
  7 rats
  A bush (D:2)
60 creatures vanquished.

Notes
Turn   | Place    | Note
-------+----------+-------------------------------------------
     0 | D:1      | Freyura the Hill Orc Monk began the quest for the Orb.
     0 | D:1      | Reached XP level 1. HP: 19/19 MP: 1/1
   150 | D:1      | Reached XP level 2. HP: 25/27 MP: 2/2
   424 | D:1      | Reached skill level 1 in Armour
   764 | D:1      | Reached XP level 3. HP: 33/33 MP: 3/3
  1145 | D:2      | Reached skill level 5 in Axes
  1694 | D:2      | Reached XP level 4. HP: 36/40 MP: 4/4
  1840 | D:2      | Found a hazy altar of Hepliaklqana.
  1840 | D:2      | Found a faded altar of an unknown god.
  1845 | D:2      | Found an ornate altar of the Wu Jian Council.
  1847 | D:2      | Found a radiant altar of Vehumet.
  1848 | D:2      | Found a faded altar of an unknown god.
  2241 | D:3      | HP: 1/41 [wight/cursed +2 mace (3)]
  2243 | D:3      | Slain by a wight

Skill      XL: |  1  2  3  4 |
---------------+-------------+-----
Armour         | 1 2 |  2.1
Fighting       | 4 |  4.4
Axes           | 5 |  5.9
Dodging        | |  2.4
Stealth        | |  1.5

Action                   |  1- 3 |  4- 6 || total
-------------------------+-------+-------++-------
Melee: Hand axe          |   227 |    58 ||   285
  Use: Potion            |       |     1 ||     1
 Stab: Sleeping          |     4 |       ||     4
  Eat: Ration            |     1 |     1 ||     2
Armor: Robe              |    11 |       ||    11
       Chain mail        |    42 |    32 ||    74
Dodge: Dodged            |    78 |    17 ||    95
